 Dungeon Crawl Stone Soup version 0.29-a0-389-gd8082fcd2d (webtiles) character file.

Game seed: 4897382784573603660

5628 Bruhh the Summoner (level 10, 0/83 HPs)
             Began as a Demonspawn Ice Elementalist on May 8, 2022.
             Slain by a skeletal warrior
             ... wielding a +0 mace
              (3 damage)
             ... on level 8 of the Dungeon.
             The game lasted 00:15:58 (8292 turns).

Bruhh the Summoner (Demonspawn Ice Elementalist)    Turns: 8292, Time: 00:15:59

Health: 0/83       AC: 15    Str:  9    XL:     10   Next: 46%
Magic:  19/19      EV: 17    Int: 21    God:
Gold:   412        SH:  7    Dex: 13    Spells: 9/21 levels left

rFire   . . .      SeeInvis .   t - +6 mace of Sulphur {vorpal, rC+ Will+}
rCold   + . .      Faith    .   M - +0 kite shield
rNeg    . . .      Spirit   .   B - +0 acid dragon scales
rPois   .          Reflect  .   (helmet restricted)
rElec   .          Harm     .   s - +0 cloak
rCorr   +          Rampage  .   (no gloves)
Will    +....                   n - +0 pair of boots
Stlth   +.........              F - amulet of magic regeneration
HPRegen 0.23/turn               e - +4 ring of evasion
MPRegen 0.56/turn               D - +4 ring of evasion

@: ice-armoured, about to teleport, attractive
A: horns 1, icy blue scales 2, demonic magic 1
a: no special abilities


You were on level 8 of the Dungeon.
You visited 1 branch of the dungeon, and saw 8 of its levels.

You collected 412 gold pieces.

Inventory:

Hand Weapons
 f - a +0 whip
 r - a +2 quarterstaff of chaos
 t - the +6 mace of Sulphur (weapon) {vorpal, rC+ Will+}
   (You found it on level 2 of the Dungeon)

   It inflicts extra damage upon your enemies.
   rC:        It protects you from cold.
   Will:      It increases your willpower.
 y - a +3 dagger of venom
 N - the +0 dagger "Hydra's Undoing" {venom, *Slow Str+4 Dex+2}
   (You found it on level 8 of the Dungeon)

   It poisons the flesh of those it strikes.
   Str:       It affects your strength (+4).
   Dex:       It affects your dexterity (+2).
   *Slow:     It may slow you when you take damage.
Missiles
 G - 18 poisoned darts
Armour
 a - a +0 robe
 g - a +0 helmet
 h - a +0 leather armour
 n - a +0 pair of boots (worn)
 s - a +0 cloak (worn)
 B - +0 acid dragon scales (worn)
 C - a +0 buckler
 M - a +0 kite shield (worn)
Jewellery
 e - a +4 ring of evasion (left hand)
 D - a +4 ring of evasion (right hand)
 F - an amulet of magic regeneration (around neck)
Wands
 k - a wand of polymorph (6)
 q - a wand of flame (25)
 u - a wand of digging (4)
 H - a wand of paralysis (6)
 I - a wand of acid (8)
Scrolls
 c - 5 scrolls of identify {unknown}
 d - a scroll of acquirement {unknown}
 i - 2 scrolls of fear
 l - a scroll of enchant armour {unknown}
 p - a scroll of fog {unknown}
 v - 2 scrolls of enchant weapon
 w - a scroll of magic mapping
 E - a scroll of teleportation
 J - a scroll of amnesia {unknown}
 K - a scroll of immolation {unknown}
 L - a scroll of vulnerability {unknown}
Potions
 b - 2 potions of magic
 j - 6 potions of might
 m - a potion of brilliance {unknown}
 o - a potion of attraction
 x - 6 potions of curing {unknown}
 z - 2 potions of degeneration {unknown}
 O - 3 potions of resistance


   Skills:
 - Level 9.0 Fighting
 - Level 1.7 Dodging
 - Level 1.7 Stealth
 + Level 6.3 Spellcasting
 + Level 9.3 Summonings
 - Level 6.0 Ice Magic
 - Level 3.0 Evocations


You had 9 spell levels left.
You knew the following spells:

 Your Spells              Type           Power      Damage    Failure   Level
a - Freeze                Ice            100%       1d11      4%          1
b - Frozen Ramparts       Ice            62%        1d8       16%         3
c - Ozocubu's Armour      Ice            31%        N/A       16%         3
d - Summon Forest         Summ/Tloc      13%        N/A       94%         5

Your spell library contained the following spells:

 Spells                   Type           Power      Damage    Failure   Level
 Static Discharge         Conj/Air       6%         N/A       65%         2
 Hailstorm                Conj/Ice       19%        3d6       86%         4
 Gell's Gravitas          Tloc           6%         N/A       87%         3
 Teleport Other           Tloc           6%         N/A       87%         3
 Summon Cactus Giant      Summ           22%        N/A       89%         6
 Summon Mana Viper        Hex/Summ       26%        N/A       94%         5
 Dispel Undead            Necr           6%         3d8       99%         4
 Sticky Flame             Conj/Fire      6%         2d3       99%         4
 Dispersal                Tloc           3%         N/A       100%        6


Dungeon Overview and Level Annotations

Branches:
Dungeon (8/15)             Temple (0/1) D:6            Lair (0/6) D:8

Altars:
Uskayaw
Vehumet
Yredelemnul


Innate Abilities, Weirdness & Mutations

You have a pair of small horns on your head.
You are mostly covered in icy blue scales. (AC +3)
Spells you cast may paralyse adjacent enemies.


Message History

You hit the wraith but do no damage. You headbutt the wraith.
You destroy the wraith!
You feel yourself speed up.
Your icy armour cracks and falls away as you move.
There's nothing to open nearby.
There's nothing to open nearby.
There's nothing to open nearby.
A skeletal warrior comes into view. It is wielding a +0 mace.
A skeletal warrior is nearby!
A skeletal warrior is nearby!
A skeletal warrior is nearby!
The skeletal warrior closely misses you.
The skeletal warrior attacks as you move away!
The skeletal warrior misses you.
Okay, then.
The skeletal warrior attacks as you move away!
The skeletal warrior closely misses you.
Casting: Ozocubu's Armour (dangerous; 16% risk of failure)
Confirm with . or Enter, or press ? or * to list all spells.
A film of ice covers your body! Malevolent energies surge around you.
The skeletal warrior hits you with a +0 mace!!
Unknown command.
It was a potion of attraction.
You feel attractive to monsters. The skeletal warrior misses you.
As you read the scroll labelled NERRIMOFOU, it crumbles to dust.
You assume a fearsome visage.
The skeletal warrior is unaffected.
It was a scroll of fear.
The skeletal warrior barely misses you.
As you read the scroll labelled SABIASKIZU, it crumbles to dust.
Your body is wracked with pain!
It was a scroll of torment.
The skeletal warrior hits you with a +0 mace!
* * * LOW HITPOINT WARNING * * *
As you read the scroll labelled YRUYVE YFRIMNE, it crumbles to dust.
You feel aware of your surroundings.
It was a scroll of magic mapping.
The skeletal warrior hits you with a +0 mace!!
* * * LOW HITPOINT WARNING * * *
As you read the scroll labelled VOUDUI AGIGEHO, it crumbles to dust.
You feel strangely unstable.
It was a scroll of teleportation.
The skeletal warrior hits you with a +0 mace.
You die...

................########
.......................#
.......................#
.......................# #######
................)......# #......
........#..............## #......
..........#######[###...# #......
........#.#..##z##..#...###......
......†...#.#..#@.#.#...'.'......
...#.†....##.#####.#....###......
......†...##.#.#.#.##...# #......
...>......#.###).##.#.### #......
..........##.#...#.##.# ###......
..........##..####.##)# #........
...#....#.#.#..#..#.#÷###......#'
........#.#..#..##..#..........#_
........#.#######.###......##+.##


You could see a skeletal warrior.

Vanquished Creatures
  2 death yaks (D:8)
  Maurice (D:8)
  Maggie (D:7)
  Grinder (D:6)
  Prince Ribbit (D:7)
  3 wraiths (D:8)
  A wyvern (D:6)
  A steam dragon (D:7)
  An acid dragon (D:4)
  Duvessa (D:5)
  2 black bears
  2 ice beasts
  A sky beast (D:7)
  A phantom (D:7)
  3 kobold brigands (D:7)
  2 necrophages
  2 gnoll sergeants
  2 bullfrogs
  A scorpion (D:6)
  3 wights (D:6)
  Dowan (D:5)
  2 hounds
  Crazy Yiuf (D:2)
  3 orc priests
  4 iguanas (D:5)
  3 orc wizards
  8 gnolls
  2 river rats (D:8)
  5 adders
  2 white imps
  An ufetubus (D:6)
  2 worms (D:2)
  3 dart slugs (D:1)
  27 orcs
  4 endoplasms
  3 giant cockroaches
  10 goblins
  4 hobgoblins
  8 jackals (D:2)
  12 kobolds
  2 quokkas
  5 ball pythons
  4 bats
  2 frilled lizards (D:1)
  12 rats
162 creatures vanquished.

Vanquished Creatures (collateral kills)
  A death yak (D:8)
  A centaur (D:8)
2 creatures vanquished.

Grand Total: 164 creatures vanquished

Notes
Turn   | Place    | Note
-------+----------+-------------------------------------------
     0 | D:1      | Bruhh the Demonspawn Ice Elementalist began the quest for
                  | the Orb.
     0 | D:1      | Reached XP level 1. HP: 13/13 MP: 3/3
   424 | D:1      | Gained mutation: You have a pair of small horns on your
                  | head. [demonic ancestry]
   424 | D:1      | Reached XP level 2. HP: 17/19 MP: 3/5
  1327 | D:2      | Gained mutation: You are partially covered in icy blue
                  | scales. (AC +2) [demonic ancestry]
  1327 | D:2      | Reached XP level 3. HP: 22/24 MP: 3/6
  1468 | D:2      | Learned a level 3 spell: Frozen Ramparts
  2132 | D:2      | Found a faded altar of an unknown god.
  2389 | D:2      | Found a runed translucent door.
  2390 | D:2      | Noticed Crazy Yiuf
  2392 | D:2      | Identified the +6 mace of Sulphur {vorpal, rC+ Will+}
  2451 | D:2      | Killed Crazy Yiuf
  2452 | D:2      | Reached XP level 4. HP: 14/30 MP: 1/8
  2465 | D:2      | Identified the +12 mace of Sahausch {holy, rPois rC- Int+4}
  2918 | D:3      | Reached skill level 5 in Ice Magic
  3097 | D:3      | Reached XP level 5. HP: 35/35 MP: 10/10
  4038 | D:4      | Noticed an acid dragon
  4046 | D:4      | Killed an acid dragon
  4047 | D:4      | Gained mutation: Spells you cast may paralyse adjacent
                  | enemies. [demonic ancestry]
  4047 | D:4      | Reached XP level 6. HP: 27/41 MP: 7/12
  4463 | D:4      | Reached skill level 5 in Spellcasting
  4801 | D:5      | Entered Level 5 of the Dungeon
  4918 | D:5      | Noticed Duvessa
  4923 | D:5      | Noticed Dowan
  4925 | D:5      | Killed Duvessa
  4926 | D:5      | Reached XP level 7. HP: 43/50 MP: 8/14
  4929 | D:5      | Killed Dowan
  5002 | D:4      | Learned a level 3 spell: Ozocubu's Armour
  5352 | D:6      | Noticed a wyvern
  5356 | D:6      | Killed a wyvern
  5357 | D:6      | Reached skill level 5 in Fighting
  5366 | D:6      | Gained mutation: You are mostly covered in icy blue scales.
                  | (AC +3) [demonic ancestry]
  5366 | D:6      | Reached XP level 8. HP: 57/64 MP: 15/15
  5411 | D:6      | Noticed Grinder
  5428 | D:6      | Paralysed by Grinder for 4 turns
  5442 | D:6      | Killed Grinder
  5740 | D:6      | Found a staircase to the Ecumenical Temple.
  5911 | D:6      | Found a radiant altar of Vehumet.
  5911 | D:6      | Found a hide-covered altar of Uskayaw.
  6275 | D:7      | Noticed Maggie
  6295 | D:7      | Killed Maggie
  6331 | D:7      | Reached XP level 9. HP: 40/75 MP: 16/16
  6550 | D:7      | Learned a level 5 spell: Summon Forest
  6636 | D:7      | Reached skill level 1 in Summonings
  6663 | D:7      | Noticed Prince Ribbit
  6670 | D:7      | Killed Prince Ribbit
  7031 | D:7      | Reached skill level 5 in Summonings
  7470 | D:8      | Identified the +0 dagger "Hydra's Undoing" {venom, *Slow
                  | Str+4 Dex+2}
  7485 | D:8      | Noticed a death yak
  7488 | D:8      | Noticed a death yak
  7497 | D:8      | Noticed a death yak
  7507 | D:8      | Killed a death yak
  7512 | D:8      | Killed a death yak
  7513 | D:8      | Reached XP level 10. HP: 30/83 MP: 11/17
  7515 | D:8      | Killed a death yak
  7749 | D:8      | Found a staircase to the Lair.
  7902 | D:8      | Noticed Maurice
  7956 | D:8      | Killed Maurice
  8062 | D:8      | Found a basalt altar of Yredelemnul.
  8257 | D:8      | Found the +5 scythe "Finisher" {speed, eviscerate}
  8276 | D:8      | Noticed a skeletal warrior
  8291 | D:8      | HP: 3/83 [skeletal warrior/+0 mace (19)]
  8292 | D:8      | Slain by a skeletal warrior

Illustrated notes

Levels and vault maps discovered:
D:1:      dpeg_arrival_fog, layout_basic
D:2:      layout_basic, shapermc_ecumenical_altar_mp_vishouse,
          supply_closet_lemuel, uniq_crazy_yiuf_cottage
D:3:      layout_basic, minmay_misc_feat_plants, item_on_display_a
D:4:      layout_gridville
D:5:      layout_cave_pools, uniq_duvessa
D:6:      layout_loops_cross, nicolae_overflow_hidden_temple,
          minmay_temple_entry_drinking_statues, uniq_grinder
D:7:      layout_rooms, grunt_ministairs_10, minmay_between, uniq_maggie,
          uniq_prince_ribbit1
D:8:      layout_basic, kennysheep_mini_moat, dpeg_lair_monsters,
          minmay_guarded_unrand_finisher, uniq_maurice

Skill      XL: |  1  2  3  4  5  6  7  8  9 10 |
---------------+-------------------------------+-----
Ice Magic      | 4 5 6 |  6.0
Spellcasting   | 3 4 5 6 |  6.3
Fighting       | 2 5 8 9 |  9.0
Evocations     | 2 3 |  3.0
Summonings     | 8 9 |  9.3
Dodging        | |  1.7
Stealth        | |  1.7

Action                   |  1- 3 |  4- 6 |  7- 9 | 10-12 || total
-------------------------+-------+-------+-------+-------++-------
Melee: Unarmed           |     5 |       |       |     8 ||    13
       Whip              |    68 |       |       |       ||    68
       Headbutt          |     7 |     3 |    18 |    14 ||    42
       Mace              |       |    55 |   103 |    58 ||   216
 Cast: Freeze            |    58 |    30 |    42 |     9 ||   139
       Frozen Ramparts   |     1 |     3 |    17 |     4 ||    25
       Ozocubu's Armour  |       |       |    14 |     3 ||    17
  Use: Potion            |       |       |     3 |     1 ||     4
       Scroll            |       |       |     2 |     4 ||     6
 Stab: Sleeping          |       |     3 |       |       ||     3
       Paralysed         |       |     5 |     7 |     5 ||    17
       Distracted        |       |       |     1 |       ||     1
Armor: Leather armour    |    41 |    24 |       |       ||    65
       Robe              |     1 |       |       |       ||     1
       Acid dragon scale |       |     3 |    42 |    14 ||    59
       Skin              |       |       |       |     2 ||     2
Dodge: Dodged            |    71 |    60 |   114 |    51 ||   296
Block: Buckler           |       |     2 |    15 |       ||    17
       Kite shield       |       |       |    10 |    22 ||    32

Table legend: (Time is in decaauts)
 A = Elapsed time spent in this place.
 B = Non-inter-level travel time spent in this place.
 C = Inter-level travel time spent in this place.
 D = Time resting spent in this place.
 E = Time spent auto-exploring this place.
 F = Levels seen in this place.
 G = Mean time per level.
                   A        B        C        D        E       F      G
               +--------+--------+--------+--------+--------+-----+--------+
         Total |   8432 |   8162 |    270 |      0 |   6641 |   8 | 1054.0 |
       Dungeon |   8432 |   8162 |    270 |      0 |   6641 |   8 | 1054.0 |
               +--------+--------+--------+--------+--------+-----+--------+

Top non-repeatable levels by time:
     D:2: 1401 daAuts
     D:1: 1290 daAuts
     D:3: 1158 daAuts
     D:8: 1067 daAuts
     D:7: 1040 daAuts
     D:4: 1018 daAuts
     D:6: 941 daAuts
     D:5: 514 daAuts
